Map: Bel'Shir Vestige LE (Void)

Players

Serral - Winner!

  • Race: Zerg Zerg
  • Spawn Location: 5:00

Optimus

  • Race: Terran Terran
  • Spawn Location: 11:00

Event: WCS Austin 2017

VOD

Have the link to the VOD?

Description

Time

  • Played on: April 28, 2017, 8:17 p.m.
  • Length: 8:15

All games in this series

Show
View Real Time Build Order
Export as new Build Order

Serral Zerg - Winner!

Build Orders: Pool First 

Get SALT Encoding   

  12  0:00  Drone  
  13  0:13  Overlord  
  13  0:17  Drone  
  14  0:31  Drone x2  
  14  0:35  Drone  
  17  0:45  Extractor  
  17  0:48  Drone  
  17  0:49  Spawning Pool  
  16  0:56  Drone  
  17  1:07  Drone  
  18  1:18  Hatchery  
  17  1:20  Drone  
  18  1:29  Drone  
  19  1:36  Queen  
  19  1:39  Zergling x2  
  22  1:46  Metabolic Boost  
  22  1:52  Overlord  
  22  2:11  Queen  
  22  2:13  Drone x2  
  26  2:22  Drone  
  27  2:30  Queen  
  27  2:31  Drone  
  27  2:35  Drone  
  31  2:46  Drone x2  
  33  2:52  Hatchery  
  33  2:53  Drone  
  33  2:56  Drone  
  34  3:00  Drone  
  34  3:04  Overlord  
  34  3:06  Drone  
  34  3:09  Pneumatized Carapace  
  35  3:16  Overlord  
  35  3:17  Extractor  
  35  3:18  Zergling x2  
  35  3:24  Queen, Zergling x2  
  35  3:25  Zergling x2  
  40  3:30  Drone  
  40  3:31  Drone  
  42  3:35  Drone x3  
  42  3:39  Zergling x4  
  47  3:44  Baneling Nest  
  46  3:48  Overlord  
  46  3:52  Zergling x4  
  48  3:56  Drone x3  
  48  3:58  Extractor  
  48  3:59  Overlord  
  50  4:02  Overlord  
  50  4:07  Queen  
  52  4:11  Drone x2  
  54  4:19  Queen  
  54  4:20  Overlord  
  56  4:27  Zergling x6  
  56  4:28  Drone  
  56  4:29  Drone  
  56  4:30  Drone  
  61  4:36  Lair  
  61  4:37  Drone  
  62  4:39  Drone x2  
  62  4:42  Drone  
  62  4:43  Drone  
  66  4:46  Drone x2  
  66  4:48  Drone  
  69  4:54  Drone x2  
  71  5:00  Overlord  
  71  5:01  Drone x2, Evolution Chamber  
  71  5:02  Extractor  
  71  5:06  Zergling x6, Extractor  
  71  5:07  Drone  
  74  5:11  Baneling x5  
  74  5:16  Drone x2  
  74  5:17  Drone x3  
  79  5:22  Overlord  
  79  5:25  Overlord  
  79  5:28  Zerg Ground Armor Level 1  
  79  5:30  Overlord  
  79  5:32  Drone  
  79  5:33  Drone x2  
  82  5:39  Drone x2  
  82  5:40  Drone x2  
  86  5:43  Overlord  
  84  5:50  Extractor x2  
  84  5:53  Zergling x6  
  84  5:54  Queen, Zergling x2  
  84  5:55  Drone x3  
  84  5:56  Drone  
  92  5:57  Drone  
  93  6:11  Overlord  
  93  6:12  Drone x2  
  93  6:16  Drone  
  96  6:25  Drone x2  
  95  6:27  Drone  
  95  6:29  Zergling x4  
  95  6:30  Zergling x4  
  100  6:37  Drone  
  100  6:38  Spire  
  97  6:42  Zergling x6  
  97  6:43  Zergling x4  
  97  6:45  Overlord  
  97  6:47  Zergling x8  
  106  7:02  Overlord  
  106  7:06  Baneling x3  
  106  7:07  Baneling  
  106  7:08  Zergling x22  
  114  7:18  Drone  
  114  7:19  Drone x4  
  114  7:20  Hatchery  
  117  7:24  Baneling  
  117  7:25  Baneling x4  
  117  7:27  Zergling x2  
  117  7:28  Zergling x2  
  115  7:35  Zergling x10  
  115  7:36  Queen x2  
  115  7:37  Queen  
  116  7:38  Baneling x5  
  116  7:41  Baneling  
  119  7:49  Zergling x6  
Show
View Real Time Build Order
Export as new Build Order

Optimus Terran 

Build Orders: Hellion Opening, Reaper Expand 

Get SALT Encoding   

  12  0:01  SCV  
  13  0:13  SCV  
  14  0:17  Supply Depot  
  14  0:25  SCV  
  15  0:29  Refinery  
  15  0:39  SCV  
  16  0:44  Barracks  
  16  0:51  SCV  
  17  1:03  SCV  
  18  1:15  SCV  
  19  1:31  Orbital Command  
  19  1:32  Reaper  
  20  1:42  Command Center  
  20  1:52  Factory  
  20  1:57  SCV  
  21  2:03  Supply Depot  
  21  2:06  Barracks Reactor  
  21  2:09  SCV  
  21  2:14  Refinery  
  22  2:21  SCV  
  23  2:33  SCV  
  24  2:45  SCV  
  24  2:47  Starport  
  24  2:49  Hellion  
  24  2:50  Hellion  
  29  2:53  Barracks Tech Lab  
  29  2:57  SCV  
  30  3:09  SCV  
  30  3:13  Hellion x2  
  30  3:14  Orbital Command  
  34  3:21  SCV  
  35  3:28  Supply Depot  
  35  3:29  Raven  
  35  3:34  SCV  
  38  3:39  Hellion x2  
  38  3:40  SCV  
  43  3:46  SCV  
  44  3:52  SCV  
  44  3:55  Supply Depot  
  45  3:56  Marine  
  45  3:58  SCV  
  45  4:01  Hellion x2  
  51  4:04  SCV  
  52  4:10  SCV  
  52  4:16  Raven, SCV  
  56  4:18  Supply Depot  
  56  4:22  SCV  
  57  4:29  Command Center  
  57  4:30  SCV  
  57  4:34  Barracks Tech Lab  
  57  4:35  SCV  
  58  4:42  SCV  
  59  4:46  Barracks  
  59  4:47  Barracks  
  59  4:48  SCV  
  60  4:53  Marine  
  60  4:54  Factory Reactor, Stimpack  
  60  4:55  SCV  
  62  5:00  SCV  
  62  5:01  Refinery  
  63  5:08  Starport Reactor, SCV  
  63  5:12  Engineering Bay x2  
  63  5:13  SCV  
  65  5:16  Marine  
  65  5:20  SCV  
  67  5:23  Supply Depot  
  67  5:25  SCV  
  68  5:32  SCV  
  68  5:35  Barracks  
  69  5:36  Barracks  
  69  5:37  SCV  
  69  5:41  Terran Infantry Armor Level 1, Terran Infantry Weapons Level 1  
  71  5:43  Factory Reactor  
  71  5:44  SCV  
  71  5:46  Marine x2  
  71  5:47  Marine x2  
  71  5:49  SCV  
  76  5:56  Medivac x2  
  80  5:59  SCV  
  80  6:02  Orbital Command  
  80  6:04  Refinery, Marine x2  
  83  6:11  Marine x2  
  83  6:12  Marine  
  83  6:14  SCV x2  
  88  6:22  Marine x2  
  90  6:26  SCV  
  90  6:29  Marine x2  
  90  6:30  Barracks Reactor, Marine  
  90  6:31  SCV  
  92  6:35  Factory Reactor  
  91  6:40  Supply Depot, Marine, Armory  
  93  6:50  Medivac  
  93  6:52  Orbital Command  
  93  6:53  Supply Depot, Medivac  
  95  6:54  SCV  
  96  7:03  Marine x3  
  96  7:05  SCV  
  96  7:06  SCV  
  101  7:10  Marine x3  
  104  7:17  SCV x2  
  104  7:22  Marine x5  
  107  7:26  SCV  
  107  7:28  Marine  
  106  7:31  SCV  
  106  7:34  Medivac  
  100  7:39  SCV x2  
  100  7:43  SCV  
  94  7:50  Marine x3  
  94  7:51  Marine  
  67  8:00  SCV  
Tags
 
Add a new tag
Caveats
  • Supply blocks, unpowered buildings, or Contaminate may cause inaccurate times.
  • Supply counts are checked every 10 seconds.